 Dungeon Crawl Stone Soup version 0.26-a0-710-g95a0c6c400 (webtiles) character file.

Game seed: 16726988175118315536

198087 knightengale the Warrior (level 18, -8/157 HPs)
             Began as a Merfolk Monk on Oct 30, 2020.
             Was a High Priest of Zin.
             Killed from afar by a lich (52 damage)
             ... with a crystal spear
             ... on level 3 of the Abyss on Oct 31, 2020.
             The game lasted 03:59:37 (53196 turns).

knightengale the Warrior (Merfolk Monk)            Turns: 53196, Time: 03:59:37

Health: -8/157     AC: 37    Str: 18    XL:     18   Next: 88%
Magic:  29/29      EV: 13    Int: 11    God:    Zin [*****.]
Gold:   3175       SH: 10    Dex: 16    Spells: 17/17 levels left

rFire    + . .     SeeInvis .   J - +2 trident (venom)
rCold    + . .     Faith    .   y - +0 buckler
rNeg     + . .     Spirit   .   Z - +12 plate armour of Sloth {MR+}
rPois    +         Reflect  +   N - +2 hat
rElec    +         Harm     .   k - +0 cloak
rCorr    +         Rampage  .   O - +2 pair of gloves
MR       ++...                  x - +0 pair of boots
Stlth    ..........             T - amulet of reflection
HPRegen  0.36/turn              V - ring of positive energy
MPRegen  0.21/turn              e - ring of resist corrosion

@: mighty, resistant, lightly drained
A: change form in water, swift swim, stealthy swim
a: Recite, Vitalisation, Imprison, Sanctuary, Donate Gold, Renounce Religion


You were on level 3 of the Abyss.
You worshipped Zin.
Zin was extremely pleased with you.
You visited 8 branches of the dungeon, and saw 32 of its levels.
You visited the Abyss 2 times.

You collected 3499 gold pieces.
You spent 45 gold pieces at shops.
You donated 279 gold pieces to Zin.

Inventory:

Hand Weapons
 J - a +2 trident of venom (weapon)
 L - the +7 long sword of Kyjotunepn {venom, Str+3}
   (You found it on level 1 of the Lair of Beasts)

   It poisons the flesh of those it strikes.
   It affects your strength (+3).
Armour
 k - a +0 cloak (worn)
 x - a +0 pair of boots (worn)
 y - a +0 buckler (worn)
 E - a +2 kite shield
 N - a +2 hat (worn)
 O - a +2 pair of gloves (worn)
 Q - a scarf of invisibility
 Z - the +12 plate armour of Sloth (worn) {MR+}
   (You found it on level 4 of the Lair of Beasts)

   It affects your resistance to hostile enchantments.
Jewellery
 e - a ring of resist corrosion (right hand)
 n - an uncursed amulet of magic regeneration
 B - an uncursed ring of protection from fire
 G - an uncursed ring of protection from cold
 R - an uncursed ring of protection from cold
 S - an uncursed ring of wizardry
 T - an amulet of reflection (around neck)
 V - a ring of positive energy (left hand)
Wands
 d - a wand of acid (24)
 h - a wand of disintegration (34)
 l - a wand of paralysis (10)
 o - a wand of flame (12)
 H - a wand of digging (15)
 I - a wand of iceblast (24)
Scrolls
 b - 14 scrolls of remove curse
 c - 7 scrolls of enchant weapon
 g - 4 scrolls of amnesia
 i - 6 scrolls of fear
 j - 5 scrolls of enchant armour
 q - 5 scrolls of magic mapping
 s - 2 scrolls of blinking
 t - 7 scrolls of fog
 u - a scroll of acquirement {unknown}
 F - a scroll of teleportation
 U - a scroll of summoning
 X - 2 scrolls of brand weapon
Potions
 a - a potion of cancellation
 f - 2 potions of invisibility
 m - 5 potions of brilliance
 p - 11 potions of ambrosia
 v - 7 potions of might
 w - 5 potions of curing
 z - a potion of haste
 A - 5 potions of stabbing
 C - 8 potions of flight
 K - a potion of magic
 P - 6 potions of mutation
 W - 2 potions of berserk rage
Miscellaneous
 D - a phial of floods


   Skills:
 - Level 18.0(17.9) Fighting
 + Level 17.3(17.1) Polearms
 * Level 14.4(14.3) Armour
 * Level 14.3(14.1) Dodging
 - Level 2.1(2.0) Stealth
 - Level 4.0(3.8) Shields
 - Level 15.0(14.8) Invocations


You had 17 spell levels left.
You didn't know any spells.
Your spell library contained the following spells:

 Spells                   Type           Power        Failure   Level
 Animate Skeleton         Necr           #.....       99%         1
 Beastly Appendage        Tmut           #.....       99%         1
 Foxfire                  Conj/Fire      #...         99%         1
 Magic Dart               Conj           #...         99%         1
 Pain                     Necr           #...         99%         1
 Sandblast                Erth           #.....       99%         1
 Sting                    Tmut/Pois      #...         99%         1
 Summon Small Mammal      Summ           #...         99%         1
 Call Imp                 Summ           #.......     100%        2
 Passwall                 Tmut/Erth      #.......     100%        2
 Wereblood                Tmut           #.......     100%        2
 Call Canine Familiar     Summ           #.......     100%        3
 Confusing Touch          Hex            #.......     100%        3
 Conjure Flame            Conj/Fire      #.......     100%        3
 Gell's Gravitas          Tloc           #.........   100%        3
 Inner Flame              Hex/Fire       #.......     100%        3
 Spider Form              Tmut/Pois      #.........   100%        3
 Stone Arrow              Conj/Erth      #.....       100%        3
 Summon Guardian Golem    Hex/Summ       #.......     100%        3
 Vampiric Draining        Necr           #.........   100%        3
 Animate Dead             Necr           #.........   100%        4
 Ice Form                 Ice/Tmut       #.......     100%        4
 Petrify                  Tmut/Erth      #.......     100%        4
 Sticky Flame             Conj/Fire      #.......     100%        4
 Summon Ice Beast         Ice/Summ       #.......     100%        4
 Summon Lightning Spire   Summ/Air       #.......     100%        4
 Agony                    Necr           #.......     100%        5
 Blade Hands              Tmut           #.........   100%        5
 Fireball                 Conj/Fire      #.........   100%        5
 Irradiate                Conj/Tmut      #.........   100%        5
 Lee's Rapid Deconstruct  Erth           #.........   100%        5
 Metabolic Englaciation   Hex/Ice        #.........   100%        5
 Yara's Violent Unravell  Hex/Tmut       #.........   100%        5
 Hydra Form               Tmut           #.........   100%        6
 Starburst                Conj/Fire      #.........   100%        6
 Statue Form              Tmut/Erth      #........    100%        6
 Dragon Form              Tmut           #.........   100%        7
 Dragon's Call            Summ           #.........   100%        9


Dungeon Overview and Level Annotations

Branches:
Dungeon (15/15)            Temple (1/1) D:7            Lair (6/6) D:8
  Swamp (1/4) Lair:4       Spider (3/4) Lair:3        Slime (0/5) Lair:5
    Orc (2/2) D:9             Elf (2/3) Orc:2        Vaults (0/5) D:14
 Depths (2/5) D:15

Altars:
Ashenzari
Cheibriados
Dithmenos
Elyvilon
Fedhas
Gozag
Hepliaklqana
Kikubaaqudgha
Makhleb
Nemelex Xobeh
Okawaru
Qazlal
Ru
Sif Muna
Trog
Uskayaw
Vehumet
Wu Jian
Xom
Yredelemnul
Zin
The Shining One
Beogh
Jiyva

Shops:
Orc:2 *!**?   Elf:2 (

Portals:
Hell: Depths:1
Abyss: Depths:1

Annotations:
Lair:1 exclusion: oklob plant
Lair:2 exclusion: oklob plant
Lair:3 3 runed translucent doors, Riny's ghost, journeyman SpEn
Lair:5 exclusion: 2 oklob plants
Spider:3 Arachne; Asterion
Elf:2 Saint Roka


Message History

You clear your throat and prepare to recite. "And lo, the wrath of Zin did find..." "...them wherever they hid, and the squalid dregs..."
You block the orange demon's attack. The lich closely misses you.
You closely miss the lich. The lich touches you.
* * * LOW HITPOINT WARNING * * *
You partially resist.
You feel drained.
* * * LOW HITPOINT WARNING * * *
The orange demon barely misses you.
You hit the lich.
The lich is lightly damaged. "...were ousted for their contamination!"
You finish reciting Abominations 15:72.
The lich closely misses you.
You feel very mighty all of a sudden. You block the lich's attack.
The orange demon closely misses you.
You feel protected.
The lich points at you and mumbles some strange words.
The crystal spear hits you!!!
You die...

#..# ## #.. #
. .# ##.
..#.##.
.....#.....##
.#....#####.##
#....L.4.#@..#
#.##.. .
#L.##.#
#..#.#)4##..##
# #..ยง###
.#.# #..## ##
# #.. #. #


You could see a lich (fast) and an orange demon (very poisoned).

Vanquished Creatures
  Bai Suzhen (Depths:1)
  Rupert (D:13)
  A lich (Depths:2)
  Gastronok (Orc:1)
  Kirke (D:13)
  Roxanne (Spider:1)
  2 ghost moths (Spider:2)
  A caustic shrike zombie (Depths:1)
  A deep elf sorcerer (Elf:1)
  A fire giant (Depths:2)
  An orc warlord (Orc:1)
  An emperor scorpion (Spider:1)
  A reaper (Abyss:3)
  7 stone giants
  Nessos (D:12)
  5 entropy weavers
  Azrael (Spider:1)
  A deep elf annihilator (Elf:1)
  A dire elephant (D:15)
  3 spark wasps
  Snorg (D:10)
  An ettin (D:15)
  A deep elf high priest (Elf:1)
  2 fire dragons
  Josephine (D:10)
  Erolcha (D:9)
  5 boulder beetles
  3 great orbs of eyes
  4 vault guards
  19 hydras
  2 death knights (D:15)
  5 centaur warriors
  8 two-headed ogres
  2 catoblepae
  3 dancing weapons
  3 alligators
  2 deep troll shamans (Depths:1)
  4 death yaks
  A deep troll earth mage (Depths:1)
  A thrashing horror (Abyss:1)
  8 orc high priests (Orc:2)
  Nergalle (Orc:1)
  3 deep elf knights (Elf:1)
  A wretched star (Abyss:1)
  A sixfirhy (Abyss:1)
  A salamander mystic (Depths:2)
  6 skeletal warriors
  A spatial maelstrom (Abyss:3)
  An unseen horror (D:14)
  A swamp dragon (Swamp:1)
  6 deep trolls (Depths:1)
  2 wizards
  A deep elf archer (Elf:1)
  Pikel (D:6)
  2 starcursed masses (Abyss:1)
  A glowing orange brain (Abyss:1)
  An orange crystal statue (Depths:1)
  The ghost of OTABOTABOTAB the Cutter, a novice VSFi of Uskayaw (D:8)
  15 ugly things
  27 deep elf magi (Elf:1)
  2 necromancers
  An orc sorcerer (Orc:2)
  11 orb spiders
  A worldbinder (Abyss:1)
  10 wolf spiders
  10 cyclopes
  4 salamanders
  3 moths of wrath (Spider:2)
  3 manticores
  4 elephants
  A frost giant skeleton (Depths:1)
  3 black mambas
  A guardian serpent (shapeshifter) (Depths:1)
  A smoke demon (Abyss:1)
  A molten gargoyle (Depths:2)
  A torpor snail (Spider:1)
  Joseph (D:9)
  An eye of devastation (Abyss:1)
  19 cane toads
  A gargoyle (D:11)
  An orange demon (Abyss:1)
  2 rime drakes
  2 kobold demonologists (D:14)
  7 demonic crawlers
  Maggie (D:7)
  2 efreet
  2 yaktaurs (Depths:1)
  6 komodo dragons
  A hellwing (Abyss:1)
  A yaktaur (shapeshifter) (D:14)
  A tengu conjurer (Depths:1)
  A yaktaur skeleton (Depths:1)
  2 ancient zymes
  6 trolls
  A hydra zombie (Abyss:1)
  13 jumping spiders
  A queen bee (Orc:1)
  5 polar bears
  3 hornets
  A queen bee (shapeshifter) (Depths:2)
  A bog body (Swamp:1)
  Prince Ribbit (D:7)
  3 raiju (Abyss:1)
  23 blink frogs
  8 slime creatures
  7 dream sheep (Lair:5)
  A meliai zombie (D:13)
  27 redbacks
  A spriggan (Swamp:1)
  3 shadows
  8 tarantellas
  13 wraiths
  8 large abominations
  68 yaks
  A flying skull (Abyss:1)
  3 wyverns
  A water elemental (Depths:1)
  A vampire (D:14)
  2 fire bats (Abyss:1)
  5 fire elementals
  5 basilisks
  A neqoxec (Abyss:3)
  2 hogs (D:13)
  7 vampire mosquitoes
  Grum (Lair:1)
  10 wargs
  4 swamp worms
  5 insubstantial wisps (Abyss:1)
  2 acid dragons (D:14)
  16 water moccasins
  A soldier ant (D:12)
  3 hell hounds (Spider:1)
  3 ice beasts
  3 sky beasts
  25 orc warriors
  A hornet zombie (D:12)
  19 ogres
  4 black bears
  A phantom (D:10)
  15 wolves
  13 centaurs
  3 small abominations (Abyss:1)
  Blork the orc (D:5)
  5 big kobolds
  24 bullfrogs
  A wyvern zombie (D:14)
  2 earth elementals (Elf:1)
  A water moccasin zombie (D:8)
  2 wyvern skeletons
  3 scorpions
  34 killer bees
  14 wights
  5 howler monkeys
  An electric eel (Lair:4)
  3 crimson imps
  2 centaur zombies
  4 jellies
  A quasit (D:6)
  3 bullfrog zombies
  40 orc priests
  8 hounds
  An iron imp (Abyss:1)
  3 bullfrog skeletons
  5 centaur skeletons
  3 iguanas
  33 orc wizards
  7 worker ants
  4 polar bear simulacra (Lair:3)
  2 yak simulacra (Lair:3)
  3 wolf simulacra (Lair:3)
  A hound zombie (D:10)
  2 hound skeletons
  5 gnolls
  14 adders
  A river rat (D:4)
  2 shadow imps
  3 white imps
  4 ufetubi
  2 oozes (D:3)
  An adder skeleton (D:4)
  An adder zombie (D:6)
  6 worms
  A dart slug (D:4)
  A leopard gecko (D:6)
  118 orcs
  4 giant cockroaches
  8 hobgoblins
  10 jackals
  27 kobolds
  2 quokkas
  5 ball pythons
  11 bats
  4 frilled lizards
  7 goblins
  2 goblin zombies (D:7)
  A hobgoblin zombie (D:7)
  A jackal zombie (D:9)
  3 kobold skeletons (D:7)
  A kobold zombie (D:7)
  A leopard gecko skeleton (D:6)
  2 leopard gecko zombies
  4 orc skeletons (D:7)
  A quokka skeleton (D:7)
  9 rats
  2 river rat simulacra (Lair:3)
  3 pillars of salt
1135 creatures vanquished.

Vanquished Creatures (others)
  3 humans (D:13)
  An orc (D:9)
  A kobold (D:13)
  23 fungi
  A lurking horror (Abyss:1)
  4 pillars of salt
  36 plants
69 creatures vanquished.

Grand Total: 1204 creatures vanquished

Notes
Turn   | Place    | Note
-------+----------+-------------------------------------------
     0 | D:1      | knightengale the Merfolk Monk began the quest for the Orb.
     0 | D:1      | Reached XP level 1. HP: 18/18 MP: 1/1
   263 | D:1      | Reached skill level 5 in Polearms
   263 | D:1      | Reached XP level 2. HP: 24/24 MP: 2/2
   627 | D:1      | Reached skill level 1 in Armour
  1029 | D:2      | Found a snail-covered altar of Cheibriados.
  1045 | D:2      | Reached XP level 3. HP: 29/29 MP: 3/3
  1805 | D:2      | Found a sparkling altar of Nemelex Xobeh.
  1910 | D:2      | Reached XP level 4. HP: 33/35 MP: 4/4
  2621 | D:3      | Reached XP level 5. HP: 27/41 MP: 5/5
  3559 | D:4      | You fall into a shaft and drop 1 floor!
  3559 | D:5      | Entered Level 5 of the Dungeon
  3589 | D:5      | Reached XP level 6. HP: 47/47 MP: 6/6
  3652 | D:5      | Reached skill level 10 in Polearms
  4100 | D:4      | Reached XP level 7. HP: 50/52 MP: 7/7
  4522 | D:5      | Noticed Blork the orc
  4531 | D:5      | Killed Blork the orc
  5430 | D:6      | Noticed Pikel
  5447 | D:6      | Killed Pikel
  5447 | D:6      | Reached XP level 8. HP: 55/58 MP: 8/8
  5680 | D:6      | Found a sparkling altar of Nemelex Xobeh.
  5776 | D:6      | Reached skill level 1 in Shields
  5927 | D:6      | Reached XP level 9. HP: 59/64 MP: 9/9
  5973 | D:6      | Found a shimmering blue altar of Sif Muna.
  6800 | D:7      | Found a blossoming altar of Fedhas.
  6993 | D:7      | Found a staircase to the Ecumenical Temple.
  7011 | Temple   | Entered the Ecumenical Temple
  7065 | Temple   | Became a worshipper of Zin the Law-Giver
  7065 | Temple   | Reached * piety under Zin
  7065 | Temple   | Reached ** piety under Zin
  7065 | Temple   | Reached *** piety under Zin
  7149 | D:7      | Found a glowing golden altar of the Shining One.
  7250 | D:7      | Reached **** piety under Zin
  7286 | D:7      | Reached skill level 1 in Invocations
  7343 | D:7      | Noticed Maggie
  7346 | D:7      | Noticed Prince Ribbit
  7582 | D:7      | Killed Prince Ribbit
  7684 | D:7      | Killed Maggie
  7854 | D:8      | Noticed a death yak
  7879 | D:8      | Noticed a death yak
  7880 | D:8      | Noticed a death yak
  7904 | D:8      | Killed a death yak
  7904 | D:8      | Reached skill level 5 in Armour
  7904 | D:8      | Reached skill level 5 in Invocations
  7904 | D:8      | Reached XP level 10. HP: 70/70 MP: 11/14
  7924 | D:8      | Killed a death yak
  7931 | D:8      | Found a shimmering altar of Xom.
  8482 | D:8      | Noticed OTABOTABOTAB's ghost (novice VSFi)
  8486 | D:8      | Found a runed translucent door.
  8517 | D:8      | Found a hazy altar of Hepliaklqana.
  8521 | D:8      | Found an opulent altar of Gozag.
  8523 | D:8      | Found a glowing golden altar of the Shining One.
  8535 | D:8      | Found a staircase to the Lair.
  8545 | Lair:1   | Entered Level 1 of the Lair of Beasts
  8566 | Lair:1   | Noticed a black mamba
  8748 | D:9      | Noticed Joseph
  8771 | D:9      | Killed Joseph
  8938 | D:9      | Found a staircase to the Orcish Mines.
  9005 | D:9      | Found a burning altar of Makhleb.
  9005 | D:9      | Noticed a two-headed ogre
  9028 | D:9      | Killed a two-headed ogre
  9220 | D:9      | Reached XP level 11. HP: 73/75 MP: 17/17
  9635 | D:9      | Found a bloodstained altar of Trog.
  9646 | D:9      | Noticed Erolcha
  9662 | D:9      | Killed Erolcha
  9662 | D:9      | Reached skill level 10 in Invocations
  9822 | D:9      | Reached ***** piety under Zin
 10409 | D:10     | Entered Level 10 of the Dungeon
 10423 | D:10     | Noticed Josephine
 10902 | D:10     | Killed Josephine
 11485 | D:10     | Noticed Snorg
 11500 | D:10     | Killed Snorg
 11851 | D:11     | Noticed a cyclops
 12163 | D:11     | Killed a cyclops
 12163 | D:11     | Reached XP level 12. HP: 48/81 MP: 21/21
 12986 | D:8      | Killed OTABOTABOTAB's ghost
 13238 | D:8      | Killed a death yak
 13977 | Lair:1   | Noticed a six-headed hydra
 13997 | Lair:1   | Killed a six-headed hydra
 14604 | Lair:1   | Noticed an eight-headed hydra
 15696 | Lair:1   | Reached skill level 10 in Armour
 15897 | Lair:1   | Killed an eight-headed hydra
 15897 | Lair:1   | Reached skill level 4 in Fighting
 15897 | Lair:1   | Reached skill level 5 in Dodging
 15980 | Lair:1   | Noticed Grum
 16029 | Lair:1   | Killed Grum
 16211 | Lair:1   | Got a brightly glowing long sword
 16212 | Lair:1   | Identified the +7 long sword of Kyjotunepn {venom, Str+3}
                  | (You found it on level 1 of the Lair of Beasts)
 16408 | Lair:1   | Reached XP level 13. HP: 90/90 MP: 22/22
 16505 | Lair:1   | Reached skill level 5 in Fighting
 18477 | Lair:2   | Reached skill level 10 in Dodging
 18948 | Lair:3   | Found a runed translucent gate.
 18952 | Lair:3   | Found a runed translucent gate.
 18952 | Lair:3   | Noticed Riny's ghost (journeyman SpEn)
 18953 | Lair:3   | Found a runed translucent gate.
 19771 | Lair:3   | Reached skill level 15 in Polearms
 19922 | Lair:3   | Reached ****** piety under Zin
 20596 | Lair:3   | Found a hole to the Spider Nest.
 21751 | Lair:4   | Found a sparkling altar of Nemelex Xobeh.
 22246 | Lair:4   | Reached skill level 6 in Fighting
 22246 | Lair:4   | Reached XP level 14. HP: 74/100 MP: 23/23
 22928 | Lair:4   | Reached skill level 7 in Fighting
 23215 | Lair:4   | Found a staircase to the Swamp.
 23240 | Lair:4   | Got a crude plate armour
 23282 | Lair:3   | Identified the +12 plate armour of Sloth {MR+} (You found
                  | it on level 4 of the Lair of Beasts)
 23741 | Lair:5   | Reached skill level 8 in Fighting
 24710 | Lair:5   | Found a viscous altar of Jiyva.
 24710 | Lair:5   | Found a staircase to the Slime Pits.
 24735 | Lair:5   | Reached skill level 9 in Fighting
 25468 | Lair:6   | Entered Level 6 of the Lair of Beasts
 26407 | Orc:1    | Entered Level 1 of the Orcish Mines
 26436 | Orc:1    | Noticed Gastronok
 26698 | Orc:1    | Noticed Nergalle
 26721 | Orc:1    | Killed Gastronok
 26721 | Orc:1    | Reached skill level 10 in Fighting
 26728 | Orc:1    | Killed Nergalle
 26983 | Orc:1    | Noticed a stone giant
 27040 | Orc:1    | Killed a stone giant
 27040 | Orc:1    | Reached XP level 15. HP: 85/117 MP: 24/24
 27595 | Orc:2    | Entered Level 2 of the Orcish Mines
 27609 | Orc:2    | Noticed an orc warlord
 27772 | Orc:1    | Killed an orc warlord
 28006 | Orc:2    | Reached skill level 11 in Fighting
 28679 | Orc:2    | Found Zebeuz's Magic Scroll Emporium.
 28679 | Orc:2    | Found Osuadaur's General Store.
 28768 | Orc:2    | Bought a potion of curing for 45 gold pieces
 28779 | Orc:2    | Found a roughly hewn altar of Beogh.
 28789 | Orc:2    | Found Juleis's General Store.
 28894 | Orc:2    | Found Nodgh's Distillery.
 28894 | Orc:2    | Found Lebloewn's General Store.
 29128 | Orc:2    | Found a staircase to the Elven Halls.
 30345 | D:12     | Reached skill level 12 in Fighting
 30668 | D:12     | Noticed Nessos
 30684 | D:12     | Killed Nessos
 31284 | D:13     | Reached skill level 13 in Fighting
 31504 | D:13     | Noticed Rupert
 31565 | D:13     | Killed Rupert
 31982 | D:13     | Noticed Kirke
 32012 | D:13     | Killed Kirke
 32012 | D:13     | Reached skill level 14 in Fighting
 32227 | D:14     | Reached XP level 16. HP: 111/133 MP: 23/25
 33302 | D:14     | Reached skill level 15 in Fighting
 33595 | D:14     | Found a gate to the Vaults.
 34278 | Spider:1 | Entered Level 1 of the Spider Nest
 34783 | Swamp:1  | Entered Level 1 of the Swamp
 35239 | Lair:4   | Reached skill level 16 in Fighting
 35976 | Swamp:1  | Noticed a thorn hunter
 36391 | Elf:1    | Entered Level 1 of the Elven Halls
 36942 | Elf:1    | Reached skill level 17 in Fighting
 37872 | Elf:1    | Identified Lokk's Catalogue of Creative Arcane Weapons
 38221 | Elf:1    | Reached XP level 17. HP: 148/148 MP: 27/27
 38323 | Elf:2    | Noticed Saint Roka
 40070 | D:15     | Entered Level 15 of the Dungeon
 40203 | D:15     | Found a staircase to the Depths.
 41220 | D:15     | Reached skill level 18 in Fighting
 41809 | Depths:1 | Entered Level 1 of the Depths
 41809 | Depths:1 | Found an ornate altar of the Wu Jian Council.
 42114 | Depths:1 | Found a one-way gate to the infinite horrors of the Abyss.
 42123 | Depths:1 | Voluntarily entered the Abyss.
 43203 | Abyss:1  | Noticed a profane servitor
 43260 | Abyss:1  | Noticed a tentacled starspawn
 43397 | Depths:1 | Escaped the Abyss
 43690 | Depths:1 | Reached skill level 15 in Invocations
 44309 | Depths:1 | Noticed Bai Suzhen
 45079 | Depths:1 | Killed Bai Suzhen
 45699 | Depths:1 | Reached XP level 18. HP: 107/157 MP: 29/29
 45896 | Depths:1 | Noticed a juggernaut
 46295 | Depths:1 | Found a gateway to Hell.
 46370 | Depths:2 | Noticed a tentacled monstrosity
 46736 | Depths:2 | Noticed a lich
 46771 | Depths:2 | Killed a lich
 48000 | Spider:1 | Noticed Azrael
 48084 | Spider:1 | Killed Azrael
 48344 | Spider:1 | Identified Roxanne's Compendium of Shape Shifting
 48344 | Spider:1 | Noticed Roxanne
 48438 | Spider:1 | Killed Roxanne
 51368 | Spider:3 | Noticed Asterion
 51889 | Spider:3 | Noticed Arachne
 52456 | Elf:2    | Found Elyep's Antique Weapon Emporium.
 52700 | Elf:2    | Cast into level 3 of the Abyss (+0 war axe of distortion)
 52998 | Abyss:3  | Noticed a bone dragon
 52999 | Abyss:3  | Noticed a lich
 53186 | Abyss:3  | Noticed a lich
 53196 | Abyss:3  | Killed from afar by a lich

Illustrated notes

Levels and vault maps discovered:
D:1:      dpeg_arrival_concentric_ovals, layout_basic
D:2:      layout_basic, lemuel_doored_altar, nemelex_diamond_rough_becter
D:3:      layout_loops_ring
D:4:      layout_gridville, portal_sewer_entry_e, minmay_fire_ice_demons
D:5:      layout_cave_pods, hangedman_abyss_or_decor_passed,
          minmay_misc_feat_hallway, uniq_blork_the_orc
D:6:      layout_loops_ring, nemelex_xobeh_ov_fountains_minmay, tgw_sif,
          uniq_pikel
D:7:      layout_cave_pools, fedhas_altar_3, minmay_temple_entry_trees,
          nicolae_tso_besieged_by_evil, uniq_maggie, uniq_prince_ribbit1
D:8:      layout_rooms, old_standard_altar, grunt_temple_overflow_open,
          dpeg_lair_monsters, hellmonk_ghost_happy_afterlife
D:9:      layout_loops_ring, kennysheep_little_box,
          nicolae_overflow_crystal_walls, david_orc_4, uniq_erolcha, uniq_joseph
D:10:     layout_loops_ring, uniq_josephine, uniq_snorg
D:11:     layout_cave_pools, corexii_corridor_pit
D:12:     layout_rooms, uniq_nessos
D:13:     layout_roguey, uniq_rupert, uniq_kirke
D:14:     layout_small_grid, lightli_vaults_fourway_checkpoint, enter_bailey_7,
          hangedman_abyss_or_decor_clamps
D:15:     hangedman_depths_entry_try_elsewhere_first, layout_loops_ring,
          nicolae_two_hexagons
Temple:   minmay_temple_bridge_abc
Lair:1:   layout_gridlike, portal_ice_cave_entry_pillars_1,
          nicolae_lair_grove_arrangements, minmay_shattered_shrine, uniq_grum
Lair:2:   layout_regular_city, lemuel_fruit_tree, minmay_lair_oklob_chamber,
          grunt_megastairs_2
Lair:3:   layout_misc_corridors, nicolae_spider_entry_tight_spaces,
          gammafunk_ghost_hydra_chop, eino_house_with_fridge,
          lemuel_fruit_fields
Lair:4:   layout_big_grid, swamp_mist, basic_altar, beast_lair_carwin_2,
          grunt_megastairs_5, serial_bayou_shore_a
Lair:5:   dpeg_oklob_gauntlet, layout_gridlike, slime_altar_1, st_stairs_5,
          lemuel_fruit_fields
Lair:6:   evilmike_catoblepas_cave, layout_cave_shapes,
          chequers_serial_rivers_marsh
Swamp:1:  layout_falls_marsh, hangedman_swamp_pad, swamp_pool2, worms_lemuel,
          infiniplex_staircase_pool
Spider:1: layout_spider_delve, uniq_roxanne, uniq_azrael
Spider:2: nicolae_spider_hall_of_the_moth_king
Spider:3: layout_spider_delve, nicolae_spider_webbed_stairs, uniq_asterion,
          uniq_arachne
Orc:1:    layout_caves, special_room [special_room_bee], guppyfry_library_mini,
          uniq_nergalle, uniq_gastronok
Orc:2:    st_orc_town, layout_caves, serial_shops, nicolae_shop_waterfront,
          nicolae_orc_rockfall
Elf:1:    eino_elf_arrival_customs, layout_geoelf_grid, minmay_elf_sorcery,
          minivault_4, uniq_louise
Elf:2:    layout_geoelf_grid, serial_glass, glass_columns_a, glass_columns_a,
          glass_columns_a, glass_columns_b, glass_columns_b, serial_shops,
          shop_statue, uniq_saint_roka
Depths:1: layout_gridlike, lemuel_crystal_altar, abyss_entry_small_statue_room,
          pf_coc_iceberg, minivault_15, minmay_tree_intersection,
          minmay_misc_feat_tower, lightli_corner_chamber, uniq_bai_suzhen
Depths:2: minmay_connected_triangles_in_corner, layout_basic,
          grunt_hell_entry_dis_grunt, nicolae_abyss_entry_one_way_or_another,
          kennysheep_generic_room_8
Abyss:3:  base: Bailey, nicolae_abyss_rune_left_handed

Skill      XL: |  1  2  3  4  5  6  7  8  9 10 11 12 13 14 15 16 17 18 |
---------------+-------------------------------------------------------+-----
Polearms       | 5 6 7 9 10 14 16 17 | 17.3
Armour         | 1 3 5 6 7 10 11 12 13 14 | 14.4
Shields        | 2 4 |  4.0
Invocations    | 5 9 12 13 15 | 15.0
Fighting       | 4 6 10 14 17 18 | 18.0
Dodging        | 5 10 11 14 | 14.3
Stealth        | |  2.1

Action                   |  1- 3 |  4- 6 |  7- 9 | 10-12 | 13-15 | 16-18 || total
-------------------------+-------+-------+-------+-------+-------+-------++-------
Melee: Spear             |   194 |   130 |       |       |       |       ||   324
       Trident           |       |   130 |   413 |   992 |  2471 |  3230 ||  7236
       Tailslap          |       |       |       |       |     1 |    23 ||    24
Invok: Recite            |       |       |     5 |    16 |    18 |    42 ||    81
       Vitalisation      |       |       |     1 |     3 |     9 |    14 ||    27
       Imprison          |       |       |     1 |     1 |       |       ||     2
       Sanctuary         |       |       |       |       |       |     4 ||     4
  Use: Scroll            |       |     5 |       |     2 |    18 |    17 ||    42
       Potion            |       |     3 |       |     5 |       |    18 ||    26
 Stab: Sleeping          |     2 |       |       |       |       |       ||     2
       Distracted        |     1 |       |       |       |       |     1 ||     2
       Confused          |       |       |       |     7 |    13 |    13 ||    33
       Paralysed         |       |       |       |     2 |    36 |       ||    38
       Invisible         |       |       |       |     1 |     5 |     5 ||    11
       Held in net/web   |       |       |       |       |       |     1 ||     1
Armor: Plate armour      |    90 |   115 |   123 |   394 |   829 |  1405 ||  2956
       Robe              |     1 |       |       |       |       |       ||     1
       Skin              |       |     5 |       |       |       |       ||     5
Dodge: Dodged            |    25 |    42 |    46 |   144 |   676 |   873 ||  1806
Block: Buckler           |       |       |    15 |   133 |   796 |  1008 ||  1952
       Reflection        |       |       |       |       |    28 |    32 ||    60

Table legend: (Time is in decaauts)
 A = Elapsed time spent in this place.
 B = Non-inter-level travel time spent in this place.
 C = Inter-level travel time spent in this place.
 D = Time resting spent in this place.
 E = Time spent auto-exploring this place.
 F = Levels seen in this place.
 G = Mean time per level.
                   A        B        C        D        E       F      G
               +--------+--------+--------+--------+--------+-----+--------+
         Total |  50286 |  47452 |   2834 |   4908 |  32979 |  34 | 1479.0 |
       Dungeon |  21004 |  19446 |   1558 |    942 |  14701 |  15 | 1400.3 |
        Temple |     89 |     80 |      9 |      0 |     71 |   1 |   89.0 |
          Lair |  13946 |  13319 |    627 |   1683 |   9476 |   6 | 2324.3 |
         Swamp |    174 |    174 |      0 |      0 |     69 |   1 |  174.0 |
   Spider Nest |   4512 |   4393 |    119 |    341 |   3228 |   3 | 1504.0 |
  Orcish Mines |   2627 |   2381 |    246 |      0 |   1632 |   2 | 1313.5 |
   Elven Halls |   2773 |   2600 |    173 |    333 |   1696 |   2 | 1386.5 |
        Depths |   3594 |   3494 |    100 |    653 |   2052 |   2 | 1797.0 |
         Abyss |   1561 |   1561 |      0 |    956 |     50 |   2 |  780.5 |
               +--------+--------+--------+--------+--------+-----+--------+

Top non-repeatable levels by time:
  Lair:3: 3551 daAuts
  Lair:1: 3398 daAuts
Depths:1: 3055 daAuts
  Lair:4: 2884 daAuts
   Elf:1: 2713 daAuts
     D:9: 2570 daAuts
    D:14: 2345 daAuts
Spider:1: 2199 daAuts
  Lair:5: 2078 daAuts
Spider:2: 2044 daAuts
  Lair:2: 1879 daAuts
    D:10: 1878 daAuts
    D:13: 1701 daAuts
    D:15: 1458 daAuts
     D:2: 1452 daAuts
